 Dungeon Crawl Stone Soup version 0.32-a0-377-g951292165a (webtiles) character file.

Game seed: 1777904811040405103

1354 Kenran the Carver (level 8, -7/56 HPs)
             Began as a Coglin Gladiator on Feb 19, 2024.
             Was an Initiate of Trog.
             Mangled by Menkaure (11 damage)
             ... on level 6 of the Dungeon.
             The game lasted 00:09:57 (5271 turns).

Kenran the Carver (Coglin Gladiator)                Turns: 5271, Time: 00:09:58

Health: -7/56      AC: 13    Str: 14 (15) XL:     8   Next: 63%
Magic:  17/17      EV:  8    Int:  7 (8)  God:    Trog [......]
Gold:   424        SH:  0    Dex: 14 (17) Spells: 7/7 levels left

rFire   . . .        a - +1 long sword {Vikramjeet}
rCold   . . .        v - +3 short sword (drain) {Diego}
rNeg    . . .        u - +4 chain mail {Will+}
rPois   .            m - +0 helmet
rElec   .            (no cloak)
rCorr   .            (no gloves)
SInv    .            (no boots)
Will    +....        (no amulet) Stlth
                     n - ring of magical power
HPRegen 0.29/turn    (no ring)
MPRegen 0.15/turn

%: no passive effects
@: studying Ice Magic, stiff-legged, very slow
A: off-hand wielding, slow wielding, warmup strikes, warmup strides
a: Renounce Religion


You were on level 6 of the Dungeon.
You worshipped Trog.
Trog was noncommittal.
You visited 2 branches of the dungeon, and saw 7 of its levels.
You also visited: Sewer.

You collected 424 gold pieces.

Inventory:

Hand Weapons
 a - a +1 long sword (weapon) {Vikramjeet}
 o - a +0 short sword {Wira}
 v - a +3 short sword of draining (worn) {Diego}
Missiles
 d - a throwing net (quivered)
 e - 3 javelins
 p - a curare-tipped dart
Armour
 m - a +0 helmet (worn)
 u - a +4 chain mail of willpower (worn)
 E - a +0 helmet of intelligence
Jewellery
 n - a ring of magical power (left grasper)
Wands
 t - a wand of paralysis (25)
Scrolls
 g - a scroll of enchant weapon
 x - a scroll of silence
 y - 2 scrolls of teleportation
 B - a scroll of blinking {unknown}
 C - a scroll of vulnerability {unknown}
 D - a scroll of enchant armour {unknown}
Potions
 b - 3 potions of enlightenment
 c - a potion of invisibility {unknown}
 f - a potion of brilliance
 h - a potion of ambrosia {unknown}
 i - a potion of curing {unknown}
 j - 3 potions of degeneration {!q}
 k - 4 potions of haste
 l - 2 potions of heal wounds {unknown}
 q - a potion of cancellation {unknown}
 r - a potion of resistance
 s - 2 potions of mutation {unknown}
 w - a potion of might {unknown}
 z - a potion of attraction {unknown}
 A - a potion of lignification {unknown}


   Skills:
 - Level 2.0 Fighting
 - Level 10.0 Long Blades
 - Level 1.7 Throwing
 + Level 4.5 Dodging


You had 7 spell levels left.
You didn't know any spells.
Your spell library contained the following spells:

 Spells                   Type           Power      Damage    Failure   Level
 Ensorcelled Hibernation  Hex/Ice        0%         N/A       100%        2
 Fugue of the Fallen      Necr           0%         N/A       100%        3
 Tukima's Dance           Hex            0%         N/A       100%        3
 Anguish                  Hex/Necr       0%         N/A       100%        4
 Passage of Golubria      Tloc           0%         N/A       100%        4
 Yara's Violent Unravell  Hex/Alch       0%         3d3       100%        5


Dungeon Overview and Level Annotations

Branches:
Dungeon (6/15)             Temple (1/1) D:5           Sewer (visited)

Altars:
Cheibriados
Dithmenos
Elyvilon
Fedhas
Gozag
Hepliaklqana
Kikubaaqudgha
Makhleb
Nemelex Xobeh
Okawaru
Qazlal
Ru
Trog
Uskayaw
Vehumet
Wu Jian
Xom
Yredelemnul
Zin
The Shining One

Annotations:
D:3 1 runed translucent door, ongoing's ghost, amateur DjEE
D:6 Menkaure


Innate Abilities, Weirdness & Mutations

You can wield a second weapon in your off-hand.
It takes a long time for you to wield or remove held weapons.
Your first few attacks do less damage.
Your first movements take longer.


Message History

You kill the shadow imp!
Trog accepts your kill.
No target in view!
No target in view!
You see here a +0 flail.
B - a scroll labelled AGAFUPROUMM
There is a fountain of clear blue water here.
You open the door.
There is an open door here.
Found 6 stones.
Found a stone staircase leading down.
Menkaure, Prince of Dust comes into view.
You see here a +0 helmet of intelligence.
E - a +0 helmet of intelligence
Okay, then.
Unknown command.
Menkaure calls on the powers of darkness!
Your body is wracked with pain!
Menkaure mumbles some strange words.
Menkaure seems to speed up.
Menkaure hits you!
* * * LOW HITPOINT WARNING * * *
You hit Menkaure with your +1 long sword.
Menkaure is lightly damaged.
You barely miss Menkaure with your +3 short sword of draining.
Menkaure hits you!
* * * LOW HITPOINT WARNING * * *
It was a potion of degeneration.
There was something very wrong with that liquid.
You feel weakened.
You feel dopey.
You feel clumsy. Menkaure barely misses you.
Okay, then.
Unknown command.
Throw: 2 throwing nets
Press: ? - help, Shift-Dir - straight line, f - Menkaure
Aim: Menkaure (lightly damaged, fast, 72% to hit)
You throw a throwing net.
The throwing net barely misses Menkaure.
Menkaure hits you!
You die...

#####.###.##.##.#
### #.......#
####.#### #.##..
#.##.# #.##.### #
#.##... ..#
######.##.###.....
...........@M.(#
######...#.#####
#........
##...##### ###
##.## #.. #># #.#
#.# #.# #+ #.# #.#


You could see Menkaure (fast).

Vanquished Creatures
  A black bear (D:5)
  A sky beast (D:6)
  2 centaurs (D:5)
  A phantom (D:4)
  A kobold brigand (Sewer)
  A scorpion (D:6)
  2 jellies
  An orc priest (D:4)
  4 hounds
  Ijyb (D:3)
  Terence (D:3)
  5 iguanas
  Natasha (thrice) (D:3)
  Robin (D:3)
  8 adders
  2 shadow imps
  4 dart slugs
  4 ribbon worms
  19 orcs
  5 endoplasms
  5 giant cockroaches
  10 goblins
  8 hobgoblins
  2 jackals (D:1)
  14 quokkas
  6 ball pythons
  5 bats
  5 frilled lizards
  22 kobolds
  8 rats
152 creatures vanquished.

Notes
Turn   | Place    | Note
-------+----------+-------------------------------------------
     0 | D:1      | Kenran the Coglin Gladiator began the quest for the Orb.
     0 | D:1      | Reached XP level 1. HP: 16/16 MP: 1/1
    62 | D:1      | Reached XP level 2. HP: 22/22 MP: 2/2
   202 | D:1      | Reached skill level 4 in Long Blades
   326 | D:1      | Reached XP level 3. HP: 26/27 MP: 3/3
   658 | D:1      | Reached XP level 4. HP: 26/33 MP: 4/4
   794 | D:2      | Reached skill level 5 in Long Blades
  1069 | D:3      | Noticed Natasha
  1082 | D:3      | Killed Natasha
  1108 | D:3      | Found a sparkling altar of Nemelex Xobeh.
  1271 | D:3      | Found a glowing drain.
  1276 | D:3      | Reached XP level 5. HP: 37/38 MP: 5/5
  1295 | Sewer    | Entered a sewer
  1356 | Sewer    | Noticed a kobold brigand
  1367 | Sewer    | Killed a kobold brigand
  1368 | Sewer    | Reached skill level 6 in Long Blades
  1453 | Sewer    | Reached XP level 6. HP: 41/44 MP: 6/6
  1614 | D:3      | Found a glowing silver altar of Zin.
  1703 | D:3      | Noticed Natasha
  1710 | D:3      | Killed Natasha
  1768 | D:3      | Reached skill level 7 in Long Blades
  1807 | D:3      | Noticed Robin
  1807 | D:3      | Noticed Ijyb
  1810 | D:3      | Paralysed by Ijyb for 4 turns
  1820 | D:3      | Paralysed by Ijyb for 4 turns
  1839 | D:3      | Killed Ijyb
  1842 | D:3      | Killed Robin
  2110 | D:3      | Identified the +2 ring mail "Odirch" {*Corrode rElec rF+
                  | Str+3}
  2153 | D:3      | Found a runed translucent door.
  2531 | D:3      | Noticed Terence
  2536 | D:3      | Killed Terence
  2568 | D:3      | Noticed Natasha
  2574 | D:3      | Killed Natasha
  2575 | D:3      | Reached XP level 7. HP: 50/50 MP: 7/7
  2725 | D:3      | Noticed ongoing's ghost (amateur DjEE)
  2846 | D:4      | Reached skill level 8 in Long Blades
  3631 | D:5      | Entered Level 5 of the Dungeon
  3659 | D:5      | Reached skill level 9 in Long Blades
  3660 | D:5      | Reached XP level 8. HP: 33/56 MP: 8/8
  3875 | D:5      | Found a staircase to the Ecumenical Temple.
  3896 | Temple   | Entered the Ecumenical Temple
  3906 | Temple   | Became a worshipper of Trog the Wrathful
  4585 | D:5      | Reached skill level 10 in Long Blades
  5264 | D:6      | Noticed Menkaure
  5271 | D:6      | Mangled by Menkaure

Illustrated notes

Levels and vault maps discovered:
D:1:      kennysheep_arrival_forest, layout_basic
D:2:      layout_rooms
D:3:      layout_loops_corners, mainiacjoe_overflow_catwalk,
          mainiacjoe_overflow_small_starburst, ebering_ghost_reflecting_pool,
          gup_sewer_entry_pipe, nicolae_goblin_pals, uniq_natasha, uniq_terence
D:4:      wad_lake_hut, layout_basic, grunt_decor_cap, minmay_manual_moon
D:5:      layout_basic, minmay_temple_entry_offerings
D:6:      layout_loops_corners, kennysheep_potato, uniq_menkaure
Temple:   mainiacjoe_temple_bowtie_tessellation

Skill      XL: |  1  2  3  4  5  6  7  8 |
---------------+-------------------------+-----
Long Blades    | 4 5 6 7 9 10 | 10.0
Dodging        | 4 |  4.5
Fighting       | |  2.0
Throwing       | |  1.7

Action                     |  1- 3 |  4- 6 |  7- 9 || total
---------------------------+-------+-------+-------++-------
  Melee: Long sword        |    70 |   157 |   137 ||   364
         Dagger            |       |    20 |       ||    20
         Short sword       |       |   128 |   129 ||   257
  Throw: Throwing net      |       |     1 |     1 ||     2
    Use: Scroll            |       |     5 |     4 ||     9
         Potion            |       |     2 |     1 ||     3
   Stab: Sleeping          |     3 |     1 |       ||     4
         Held in net/web   |       |     3 |       ||     3
 Armour: Leather armour    |    62 |    95 |       ||   157
         Chain mail        |       |    14 |   117 ||   131
  Dodge: Dodged            |    41 |    89 |    55 ||   185

Table legend: (Time is in decaauts)
 A = Elapsed time spent in this place.
 B = Non-inter-level travel time spent in this place.
 C = Inter-level travel time spent in this place.
 D = Time resting spent in this place.
 E = Time spent auto-exploring this place.
 F = Levels seen in this place.
 G = Mean time per level.
                   A        B        C        D        E       F      G
               +--------+--------+--------+--------+--------+-----+--------+
         Total |   5559 |   5407 |    152 |    775 |   3295 |   8 |  694.9 |
       Dungeon |   5209 |   5076 |    133 |    759 |   3173 |   6 |  868.2 |
        Temple |     21 |      2 |     19 |      0 |      0 |   1 |   21.0 |
         Sewer |    327 |    327 |      0 |     16 |    122 |   1 |  327.0 |
               +--------+--------+--------+--------+--------+-----+--------+

Top non-repeatable levels by time:
     D:3: 1464 daAuts
     D:5: 1026 daAuts
     D:4: 966 daAuts
     D:1: 672 daAuts
     D:6: 628 daAuts
     D:2: 452 daAuts
   Sewer: 327 daAuts
  Temple: 21 daAuts
